AoeStats
← Chris

Black Forest

507403113Analyzed
4v4 RM · 14d ago on Sep 18, 2026· 48m 34s· 8 players
Game mode
Random Map
Map size
Large (8 player)
Population
200
Speed
Normal
Resources
Standard
Victory
Conquest
Starting age
Dark Age
Ending age
Imperial Age
RankedLock teamsTeams togetherTeam positionsShared explorationLock speedFull tech treeHidden civsTurbo modeCheats
Victory
Defeat
🇺🇸 Saracens · United States
1255
+16
🇨🇦 Tatars · Canada
1242
+16
🇲🇽 Magyars · Mexico
1230
+17
🇺🇸 Mongols · United States
1207
+17
🇺🇸 Persians · United States
1275
-18
🇯🇵 Teutons · Japan
1242
-16
1240
-42
🇵🇪 Sicilians · Peru
1239
-16
Clearly
11:19 Feudal Age
15:05 Castle Age
17:15 Horse Collar
18:51 Loom
22:29 Wheelbarrow
23:52 Scale Barding Armor
25:09 Fletching
25:43 Gold Mining
26:13 Hand Cart
26:00 Double-Bit Axe
26:50 Bodkin Arrow
27:59 Padded Archer Armor
28:38 Ballistics
28:38 Bow Saw
29:23 Thumb Ring
33:41 Imperial Age
31:30 Thumb Ring
32:04 Husbandry
33:04 Gold Shaft Mining
32:20 Stone Mining
34:27 Bracer
34:43 Leather Archer Armor
34:40 Bloodlines
34:59 Parthian Tactics
35:47 Two-Man Saw
36:06 Chemistry
35:59 Conscription
36:06 Recurve Bow
36:31 Heavy Plow
36:14 Elite Magyar Huszar
38:30 Ring Archer Armor
39:56 Chain Barding Armor
39:33 Heavy Cavalry Archer
41:20 Plate Barding Armor
41:36 Corvinian Army
Madness_longbow
4:30 Loom
13:01 Feudal Age
18:04 Castle Age
16:25 Double-Bit Axe
16:30 Horse Collar
19:00 Bow Saw
21:29 Wheelbarrow
24:10 Gold Mining
25:02 Hand Cart
27:51 Stone Mining
29:17 Gold Shaft Mining
30:38 Fletching
33:25 Imperial Age
32:09 Bodkin Arrow
32:16 Padded Archer Armor
33:30 Caravan
34:02 Leather Archer Armor
34:46 Conscription
33:47 Elite Mangudai
35:03 Bracer
34:27 Capped Ram
35:19 Bloodlines
35:10 Husbandry
35:16 Thumb Ring
36:22 Ballistics
36:36 Drill
35:38 Siege Ram
38:10 Parthian Tactics
37:57 Elite Skirmisher
38:59 Scale Barding Armor
40:39 Chemistry
43:16 Chain Barding Armor
eward17
11:01 Feudal Age
11:44 Double-Bit Axe
15:34 Castle Age
13:37 Horse Collar
16:54 Bow Saw
16:45 Heavy Plow
19:19 Wheelbarrow
23:21 Hand Cart
23:52 Gold Mining
23:53 Stone Mining
25:43 Gold Shaft Mining
27:45 Scale Barding Armor
27:50 Forging
30:21 Imperial Age
27:41 Loom
27:43 Town Watch
29:04 Chain Barding Armor
30:13 Silk Armor
30:51 Iron Casting
31:25 Bloodlines
30:36 Elite Steppe Lancer
31:17 Husbandry
30:39 Elite Steppe Lancer
31:00 Onager
32:40 Plate Barding Armor
35:01 Blast Furnace
34:22 Siege Engineers
45:11 Chemistry
44:32 Ballistics
44:23 Masonry
44:05 Fletching
44:42 Conscription
Thackattack
0:37 Loom
12:09 Feudal Age
13:30 Double-Bit Axe
13:38 Gold Mining
17:05 Fletching
21:54 Horse Collar
26:37 Castle Age
25:01 Padded Archer Armor
26:40 Crossbowman
27:38 Bodkin Arrow
31:38 Stone Mining
37:19 Imperial Age
36:54 Heavy Plow
38:27 Elite Mameluke
39:30 Conscription
41:07 Scale Barding Armor
41:06 Husbandry
44:10 Chain Barding Armor
44:10 Bloodlines
45:11 Gold Shaft Mining
46:25 Plate Barding Armor
Chris
11:43 Feudal Age
12:21 Double-Bit Axe
15:51 Castle Age
16:45 Bow Saw
16:47 Horse Collar
17:30 Heavy Plow
24:14 Wheelbarrow
23:25 Loom
26:06 Hand Cart
26:09 Stone Mining
26:14 Gold Mining
28:12 Gold Shaft Mining
28:17 Stone Shaft Mining
27:59 Scale Barding Armor
28:04 Forging
29:03 Town Watch
32:10 Imperial Age
30:41 Chain Barding Armor
30:56 Iron Casting
30:33 Bloodlines
30:23 Husbandry
32:31 Masonry
33:25 Coinage
32:31 Elite War Elephant
33:23 Citadels
33:34 Conscription
33:50 Hoardings
33:55 Plate Barding Armor
33:56 Iron Casting
37:21 Banking
37:02 Guilds
39:49 Architecture
43:50 Conscription
43:02 Light Cavalry
43:53 Hussar
45:31 Hoardings
45:37 Crossbowman
kibusi
3:19 Loom
11:11 Feudal Age
16:12 Castle Age
14:15 Double-Bit Axe
14:12 Horse Collar
17:22 Heavy Plow
20:45 Bow Saw
21:42 Scale Barding Armor
22:35 Forging
23:26 Scale Mail Armor
24:43 Gold Mining
27:28 Fletching
28:40 Chain Barding Armor
28:55 Iron Casting
28:54 Bodkin Arrow
29:33 Bloodlines
33:49 Imperial Age
31:55 Wheelbarrow
31:06 Town Watch
31:42 Chain Mail Armor
31:56 Padded Archer Armor
32:34 Stone Mining
32:26 Pikeman
33:24 Squires
33:10 Arson
33:10 Gambesons
34:37 Leather Archer Armor
34:50 Ballistics
35:31 Chemistry
35:04 Crop Rotation
33:59 Cavalier
34:18 Onager
35:22 Ironclad
35:23 Conscription
36:00 Stone Shaft Mining
36:29 Two-Man Saw
36:58 Plate Barding Armor
37:23 Blast Furnace
37:22 Hand Cart
37:45 Plate Mail Armor
38:41 Paladin
40:15 Siege Engineers
40:43 Ring Archer Armor
40:26 Guilds
40:21 Elite Skirmisher
41:17 Masonry
42:46 Caravan
Inka_Roca
0:46 Loom
13:23 Feudal Age
15:52 Wheelbarrow
17:12 Double-Bit Axe
19:53 Castle Age
18:31 Horse Collar
20:55 Hand Cart
21:14 Bow Saw
32:05 Imperial Age
29:59 Heavy Plow
29:58 Gold Mining
30:00 Stone Mining
30:19 Scale Barding Armor
30:29 Forging
31:22 Gold Shaft Mining
30:51 Town Watch
32:31 Stone Shaft Mining
33:00 First Crusade
33:49 Town Patrol
36:41 Cavalier
37:47 Chain Barding Armor
38:50 Husbandry
39:00 Bloodlines
41:53 Iron Casting
Nhà vô địt Chow 007
5:14 Loom
10:11 Feudal Age
10:40 Man-at-Arms
10:50 Man-at-Arms
12:07 Arson
13:05 Double-Bit Axe
13:01 Horse Collar
20:26 Castle Age
25:03 Gold Mining
29:49 Wheelbarrow
31:41 Heavy Plow
34:01 Bow Saw
33:44 Stone Mining
38:24 Imperial Age
36:32 Ballistics
36:03 Fletching
35:58 Treadmill Crane
37:02 Bodkin Arrow
37:07 Padded Archer Armor
38:12 Thumb Ring
39:25 Leather Archer Armor
39:26 Bloodlines
39:16 Husbandry
38:46 Heavy Cavalry Archer
39:52 Parthian Tactics
40:00 Bracer
41:17 Chemistry
41:21 Ring Archer Armor
42:21 Hand Cart
43:06 Two-Man Saw
42:44 Gold Shaft Mining
43:22 Caravan
43:36 Pikeman
44:16 Squires
43:37 Elite Skirmisher
44:19 Scale Mail Armor
44:30 Forging
45:44 Halberdier
Connection lost

Rejoining the realm…

Still unreachable

The connection could not be restored.

Session expired

The server has moved on; the page needs a fresh start.